 Dungeon Crawl Stone Soup version 0.30-a0-782-ge64f9170bb (console) character file.

Game seed: 9602836042859995318

67 utis the Chopper (level 4, 0/29 HPs)
             Began as a Tengu Wanderer on Feb 25, 2023.
             Slain by Duvessa
             ... wielding a +2 short sword of protection
              (2 damage)
             ... on level 4 of the Dungeon.
             The game lasted 00:05:40 (1288 turns).

utis the Chopper (Tengu Wanderer)                   Turns: 1288, Time: 00:05:41

Health: 0/29       AC:  7    Str: 16    XL:     4   Next: 16%
Magic:  5/5        EV: 10    Int: 11    God:
Gold:   37         SH:  0    Dex: 19    Spells: 1/3 levels left

rFire   . . .      SeeInvis .    a - +3 hand axe
rCold   . . .      Faith    .    (no shield)
rNeg    . . .      Spirit   .    d - +0 scale mail
rPois   .          Reflect  .    (helmet restricted)
rElec   .          Harm     .    g - +0 cloak
rCorr   .          Rampage  .    (no gloves)
Will    .....                    (boots unavailable) Stlth
                                 (no amulet)
HPRegen 0.24/turn                X - +6 ring of dexterity
MPRegen 0.09/turn                (no ring)

@: no status effects
A: beak, talons 3
a: no special abilities


You were on level 4 of the Dungeon.
You visited 1 branch of the dungeon, and saw 3 of its levels.

You collected 37 gold pieces.

Inventory:

Hand Weapons
 a - a +3 hand axe (weapon)
 l - a +0 sling
Armour
 c - a +0 leather armour
 d - a +0 scale mail (worn)
 g - a +0 cloak (worn)
Jewellery
 X - a +6 ring of dexterity (left hand)
Scrolls
 b - 4 scrolls of fog
 f - a scroll of magic mapping {unknown}
 h - 2 scrolls of torment {unknown}
 j - a scroll of teleportation {unknown}
 k - a scroll of identify {unknown}
Potions
 e - a potion of curing {unknown}
 i - a potion of heal wounds {unknown}


   Skills:
 + Level 3.7 Fighting
 - Level 5.4 Axes
 + Level 2.1 Armour
 + Level 1.3 Dodging
 * Level 0.4 Air Magic
 * Level 0.3 Poison Magic
 + Level 1.8 Evocations


You had one spell level left.
You knew the following spells:

 Your Spells              Type           Power      Damage    Failure   Level
Y - Poisonous Vapours     Pois/Air       0%         N/A       86%         2

Your spell library contained the following spells:

 Spells                   Type           Power      Damage    Failure   Level
 Cigotuvi's Dreadful Rot  Necr/Pois/Air  0%         N/A       88%         2
 Mephitic Cloud           Conj/Pois/Air  0%         N/A       98%         3


Dungeon Overview and Level Annotations

Branches:
Dungeon (2/15)

Altars:
Uskayaw

Annotations:
D:4 Dowan, Duvessa


Innate Abilities, Weirdness & Mutations

You have a beak for a mouth.
You have claws for feet.


Message History

The endoplasm hits you but does no damage.
The endoplasm hits you but does no damage.
The ball python barely misses you. The ball python grabs you.
The ball python constricts you.
You escape the ball python's grasp.
The endoplasm attacks as you move away! The endoplasm barely misses you.
Duvessa attacks as you move away!
Duvessa hits you with a +2 short sword of protection.
You hit Duvessa but do no damage. You claw Duvessa, but do no damage.
You peck Duvessa, but do no damage.
Duvessa hits you with a +2 short sword of protection.
You hit Duvessa but do no damage. Duvessa hits you but does no damage.
You hit Duvessa. Your kick misses Duvessa.
Duvessa is lightly wounded.
Duvessa completely misses you.
You hit Duvessa.
Duvessa is lightly wounded.
Duvessa closely misses you.
You hit Duvessa but do no damage. Your kick misses Duvessa.
Duvessa is lightly wounded.
Duvessa closely misses you.
You barely miss Duvessa.
Duvessa is lightly wounded.
Dowan mumbles some strange words.
Dowan blinks!
Duvessa barely misses you. Dowan hits you but does no damage.
Duvessa attacks as you move away!
Duvessa hits you with a +2 short sword of protection.
Dowan closely misses you. Dowan attacks as you move away!
Dowan hits you but does no damage. Dowan gestures at you while chanting.
The puff of flame hits you!
* * * LOW HITPOINT WARNING * * *
Dowan casts a spell at Duvessa.
Duvessa seems to speed up.
Duvessa hits you with a +2 short sword of protection!
* * * LOW HITPOINT WARNING * * *
Dowan says, "Magic and the sword, together, will defeat you."
Duvessa hits you with a +2 short sword of protection.
You die...

....░ ░+░.... ░.░+░░░.. ░ ...░
░........ ░ ....+ ░........ ░
....░ ░.......░+░+░ ░+░ ░░....░
░.......░.░.░░░ ░.░ ......░
░.......░.░...░ ░.░ ......░
░.......░.░...░ ░.░ ..░...░
░.....QeJ...░ ░.░ ..░..>░
░.░░░.░e....░ ░.░ ░░░...░
░.░S..░░░░░░.░ ░ ░...░
░.░.░...S....░ ░░░.[.░
░.░.....░░░..░
......░+░+░+░░░.░.....░ ░..░░
░............░░.░.....░░░░e.░░░░.
░............§...................
░...........♣....................


You could see Duvessa (fast), Dowan, an endoplasm and a ball python.

Vanquished Creatures
  An adder (D:2)
  A worm (D:2)
  A dart slug (D:1)
  5 endoplasms
  3 giant cockroaches
  4 goblins
  4 hobgoblins
  4 jackals (D:1)
  2 quokkas
  5 ball pythons
  6 bats
  4 frilled lizards
  6 kobolds
  5 rats
51 creatures vanquished.

Notes
Turn   | Place    | Note
-------+----------+-------------------------------------------
     0 | D:1      | utis the Tengu Wanderer began the quest for the Orb.
     0 | D:1      | utis set off with the following items: a +3 hand axe, 2
                  | scrolls of fog, a +0 leather armour.
     0 | D:1      | Reached XP level 1. HP: 14/14 MP: 2/2
    79 | D:1      | Reached XP level 2. HP: 19/19 MP: 3/3
   435 | D:1      | Reached skill level 1 in Dodging
   484 | D:1      | Reached XP level 3. HP: 23/23 MP: 4/4
   993 | D:2      | Learned a level 2 spell: Poisonous Vapours
  1012 | D:2      | Reached XP level 4. HP: 28/29 MP: 5/5
  1176 | D:2      | You fall into a shaft and drop 2 floors!
  1176 | D:4      | Found a hide-covered altar of Uskayaw.
  1215 | D:4      | Noticed Duvessa
  1259 | D:4      | Noticed Dowan
  1288 | D:4      | Slain by Duvessa

Illustrated notes

Levels and vault maps discovered:
D:1:      spicycebolla_arrival_ecumenical, layout_loops_cross, grunt_decor_cap,
          amcnicky_mini_rare_corridor_liquid
D:2:      layout_rooms
D:4:      layout_basic, mainiacjoe_overflow_chevrons, serial_shops, shop_statue,
          serial_bayou_pond_c, uniq_robin, uniq_duvessa, uniq_grinder

Skill      XL: |  1  2  3 |
---------------+----------+-----
Dodging        | 1 |  1.3
Armour         | 2 |  2.1
Fighting       | |  3.7
Axes           | |  5.4
Air Magic      | |  0.4
Poison Magic   | |  0.3
Evocations     | |  1.8

Action                     |  1- 3 |  4- 6 || total
---------------------------+-------+-------++-------
  Melee: Hand axe          |    76 |    24 ||   100
         Kick              |    17 |     2 ||    19
         Peck              |     5 |     4 ||     9
 Armour: Scale mail        |    26 |    18 ||    44
  Dodge: Dodged            |    25 |    20 ||    45

Table legend: (Time is in decaauts)
 A = Elapsed time spent in this place.
 B = Non-inter-level travel time spent in this place.
 C = Inter-level travel time spent in this place.
 D = Time resting spent in this place.
 E = Time spent auto-exploring this place.
 F = Levels seen in this place.
 G = Mean time per level.
                   A        B        C        D        E       F      G
               +--------+--------+--------+--------+--------+-----+--------+
         Total |   1290 |   1228 |     62 |     18 |    718 |   3 |  430.0 |
       Dungeon |   1290 |   1228 |     62 |     18 |    718 |   3 |  430.0 |
               +--------+--------+--------+--------+--------+-----+--------+

Top non-repeatable levels by time:
     D:1: 787 daAuts
     D:2: 391 daAuts
     D:4: 111 daAuts
